 Dungeon Crawl Stone Soup version 0.26.1-11-gd32895ea62 (webtiles) character file.

Game seed: 11679775591545936567

9917 chachi the Basher (level 11, -10/97 HPs)
             Began as a Minotaur Monk on June 20, 2021.
             Was a High Priest of Okawaru.
             Killed from afar by a wretched star (13 damage)
             ... with a lance of force
             ... on level 1 of the Abyss.
             The game lasted 03:34:44 (11825 turns).

chachi the Basher (Minotaur Monk)                  Turns: 11825, Time: 03:34:44

Health: -10/97     AC: 18    Str: 12    XL:     11   Next: 29%
Magic:  0/10       EV:  4    Int:  7    God:    Okawaru [*****.]
Gold:   431        SH:  9    Dex: 12    Spells: 10/10 levels left

rFire    . . .     SeeInvis .   A - +4 mace (vorpal)
rCold    . . .     Faith    .   c - +0 kite shield
rNeg     . . .     Spirit   +   H - +1 plate armour
rPois    .         Reflect  .   (helmet restricted)
rElec    .         Harm     .   R - +0 cloak
rCorr    .         Rampage  .   (no gloves)
Will     .....     Rnd*Rage +   D - +0 pair of boots
Stlth    ..........             v - amulet of guardian spirit
HPRegen  0.26/turn              (no ring)
MPRegen  0.12/turn              (no ring)

@: hasted, very quick
A: retaliatory headbutt, horns 2, [berserk 2], [blurry vision 3], [clumsy 2],
[weak 2]
a: Renounce Religion, Heroism, Finesse


You were on level 1 of the Abyss.
You worshipped Okawaru.
Okawaru was extremely pleased with you.
You visited 2 branches of the dungeon, and saw 10 of its levels.
You visited the Abyss 1 time.
You also visited: Sewer.

You collected 827 gold pieces.
You spent 396 gold pieces at shops.

Inventory:

Hand Weapons
 f - a cursed +3 morningstar of freezing
 t - a +4 war axe
 A - a +4 vorpal mace (weapon)
 B - the +8 flail "Ponnemm" {vorpal, *Slow +Rage Str+7 Stlth-, unknown}
   (You found it on level 4 of the Dungeon)

   It inflicts extra damage upon your enemies.
   It affects your strength (+7).
   It lets you go berserk.
   It may slow you when you take damage.
   It makes you less stealthy.
 C - a +2 mace of venom
 G - the +10 quarterstaff of Mana {vorpal, Dex+4, unknown}
   (You found it on level 4 of the Dungeon)

   It inflicts extra damage upon your enemies.
   It affects your dexterity (+4).
 I - a +3 quarterstaff of chaos
Missiles
 d - 36 poisoned darts (quivered)
 g - 4 throwing nets
 p - 8 boomerangs
Armour
 c - a +0 kite shield (worn)
 D - a +0 pair of boots (worn)
 H - a +1 plate armour (worn)
 J - a +0 robe of positive energy
 K - a +2 leather armour of fire resistance
 Q - a +0 robe of willpower
 R - a +0 cloak (worn)
Jewellery
 v - an amulet of guardian spirit (around neck)
 w - a cursed ring of teleportation {unknown}
 U - a cursed ring of attention
 Z - an uncursed amulet of faith
Wands
 e - a wand of enslavement (4)
 k - a wand of polymorph (4)
 m - a wand of acid (6)
 z - a wand of iceblast (5)
 M - a wand of digging (5)
Scrolls
 a - a scroll of brand weapon {unknown}
 b - a scroll of vulnerability {unknown}
 h - 2 scrolls of enchant armour
 j - 3 scrolls of amnesia
 n - 2 scrolls of random uselessness {unknown}
 o - a scroll of magic mapping {unknown}
 q - a scroll of acquirement {unknown}
 y - 2 scrolls of fog {unknown}
 F - a scroll of blinking {unknown}
 L - 2 scrolls of fear {unknown}
 N - a scroll of noise {unknown}
 O - 4 scrolls of remove curse
 P - a scroll of enchant weapon {unknown}
 W - a scroll of holy word {unknown}
 Y - a scroll of immolation {unknown}
Potions
 i - 2 potions of degeneration {unknown}
 l - 2 potions of mutation {unknown}
 r - 2 potions of attraction {unknown}
 s - 2 potions of flight
 u - 4 potions of magic
 E - a potion of might
 T - a potion of ambrosia {unknown}
 V - a potion of invisibility {unknown}
 X - 2 potions of brilliance {unknown}


   Skills:
 + Level 9.4 Fighting
 + Level 12.4 Maces & Flails
 + Level 6.0 Throwing
 + Level 9.5 Armour
 + Level 5.9 Dodging
 + Level 3.0 Stealth
 + Level 6.4 Shields
 + Level 0.9 Evocations


You had 10 spell levels left.
You didn't know any spells.
Your spell library contained the following spells:

 Spells                   Type           Power        Failure   Level
 Slow                     Hex            0%           100%        2
 Confusing Touch          Hex            0%           100%        3
 Tukima's Dance           Hex            0%           100%        3
 Discord                  Hex            0%           100%        8


Dungeon Overview and Level Annotations

Branches:
Dungeon (9/15)             Temple (1/1) D:6            Lair (0/6) D:8
    Orc (0/2) D:9           Sewer (visited)

Altars:
Ashenzari
Cheibriados
Dithmenos
Elyvilon
Fedhas
Gozag
Hepliaklqana
Kikubaaqudgha
Makhleb
Nemelex Xobeh
Okawaru
Qazlal
Ru
Trog
Uskayaw
Vehumet
Wu Jian
Xom
Yredelemnul
Zin
The Shining One
Beogh

Shops:
D:9 *

Annotations:
D:6 3 runed translucent doors, butteredtoast's ghost, novice DEIE
D:9 Erolcha


Innate Abilities, Weirdness & Mutations

You reflexively headbutt those who attack you in melee.
You have a pair of horns on your head.
[You often lose your temper in combat.]
[Scrolls take you much longer to read.]
[You are very clumsy. (Dex -4)]
[You are very weak. (Str -4)]


Message History

Aiming: Polymorph
Press: ? - help, Shift-Dir - straight line, f - shadow imp
Aim: a shadow imp (summoned, will become a white imp, a quasit, or a crimson imp, chance to affect: 57%)
The shadow imp resists with significant effort.
The wretched star pulses with an eldritch light!
You feel weaker. x2
The shadow imp gestures at you. Pain shoots through your body!
* * * LOW HITPOINT WARNING * * *
You feel yourself speed up.
The wretched star glows turbulently.
You block the lance of force.
The shadow imp hits you but does no damage.
The shadow imp gestures at you. Pain shoots through your body!
* * * LOW HITPOINT WARNING * * *
Found a glowing great sword.
The wretched star glows turbulently.
The lance of force hits you!
You die...

#...#.###
...#.#.# # #
.#..#.# #. . #.
....## .#.
###....#..#
##...##..#.#..#.#
.)..#.....#..#3.#
.......#5#3.#
#.## #..@.*#. ##.
##
#..##.##..#..#..#
# ##..###.#.#.#
## #.##.. ..... .
. # # #. ##...##
#. .....# .... .
.#. . . .##### #
...( . ...


You could see a wretched star, a neqoxec and a shadow imp (summoned).

Vanquished Creatures
  Harold (D:9)
  A two-headed ogre (D:7)
  Psyche (D:8)
  A smoke demon (Abyss:1)
  A kobold demonologist (D:8)
  A troll (D:9)
  14 yaks
  A wyvern (D:9)
  5 water moccasins (D:8)
  2 orc warriors
  A sky beast (D:8)
  3 ice beasts
  A black bear (D:8)
  2 phantoms
  5 ogres
  A centaur (D:5)
  15 big kobolds
  6 bullfrogs
  4 scorpions
  10 wights
  9 hounds
  Crazy Yiuf (D:4)
  9 orc priests
  A bullfrog skeleton (D:7)
  2 centaur skeletons
  3 iguanas
  10 orc wizards
  6 worker ants
  7 gnolls
  7 adders
  A river rat (Sewer)
  4 white imps
  An ufetubus (D:6)
  2 oozes
  5 adder skeletons
  2 worms
  2 dart slugs (D:1)
  6 leopard geckos
  37 orcs
  4 giant cockroaches
  6 goblins
  4 hobgoblins (D:1)
  4 jackals
  32 kobolds
  6 quokkas
  4 ball pythons
  7 bats
  3 frilled lizards (D:3)
  11 rats
272 creatures vanquished.

Vanquished Creatures (others)
  38 fungi (D:8)
  43 plants (D:8)
81 creatures vanquished.

Grand Total: 353 creatures vanquished

Notes
Turn   | Place    | Note
-------+----------+-------------------------------------------
     0 | D:1      | chachi the Minotaur Monk began the quest for the Orb.
     0 | D:1      | Reached XP level 1. HP: 19/19 MP: 0/0
   282 | D:1      | Reached XP level 2. HP: 20/27 MP: 1/1
   353 | D:1      | HP: 1/27 [dart slug/slug dart (4)]
   706 | D:1      | Reached skill level 4 in Maces & Flails
   811 | D:1      | Reached XP level 3. HP: 23/33 MP: 2/2
  1596 | D:3      | Found a glowing golden altar of the Shining One.
  1603 | D:3      | Reached XP level 4. HP: 40/40 MP: 3/3
  1713 | D:3      | Found a glowing drain.
  1762 | D:2      | Reached skill level 5 in Maces & Flails
  2050 | Sewer    | Entered a sewer
  2110 | Sewer    | Noticed a big kobold
  2134 | Sewer    | Killed a big kobold
  2135 | Sewer    | Reached XP level 5. HP: 13/47 MP: 4/4
  2173 | Sewer    | Found a white marble altar of Elyvilon.
  2768 | D:4      | Got a bloodstained flail
  2826 | D:4      | Found a basalt altar of Yredelemnul.
  2838 | D:4      | Reached XP level 6. HP: 40/53 MP: 5/5
  2976 | D:4      | Reached skill level 1 in Armour
  3079 | D:4      | Got a transparent quarterstaff
  3104 | D:4      | Reached skill level 6 in Maces & Flails
  3290 | D:4      | Reached skill level 5 in Dodging
  3571 | D:4      | Found a runed translucent door.
  3572 | D:4      | Noticed Crazy Yiuf
  3579 | D:4      | Killed Crazy Yiuf
  3580 | D:4      | Reached skill level 5 in Fighting
  3580 | D:4      | Reached skill level 1 in Shields
  3580 | D:4      | Reached XP level 7. HP: 55/61 MP: 6/6
  4232 | D:5      | Entered Level 5 of the Dungeon
  4396 | D:5      | Reached skill level 7 in Maces & Flails
  4688 | D:5      | Noticed a yak
  4688 | D:5      | Noticed a yak
  4688 | D:5      | Noticed a yak
  4688 | D:5      | Noticed a yak
  4689 | D:5      | Noticed a yak
  4689 | D:5      | Noticed a yak
  4705 | D:5      | Killed a yak
  4706 | D:5      | Reached skill level 8 in Maces & Flails
  4706 | D:5      | Reached XP level 8. HP: 35/69 MP: 7/7
  4728 | D:5      | Reached skill level 9 in Maces & Flails
  5159 | D:6      | Found a shimmering altar of Xom.
  5159 | D:6      | Found a snail-covered altar of Cheibriados.
  5598 | D:6      | Reached skill level 5 in Armour
  5598 | D:6      | Reached XP level 9. HP: 39/79 MP: 8/8
  5795 | D:6      | Noticed a moth of wrath
  5830 | D:6      | Found a staircase to the Ecumenical Temple.
  5857 | Temple   | Entered the Ecumenical Temple
  5968 | Temple   | Became a worshipper of Warmaster Okawaru
  5968 | Temple   | Reached * piety under Okawaru
  5968 | Temple   | Reached ** piety under Okawaru
  6100 | D:6      | Found a runed translucent gate.
  6100 | D:6      | Found a runed translucent gate.
  6100 | D:6      | Found a runed translucent gate.
  6102 | D:6      | Noticed butteredtoast's ghost (novice DEIE)
  6112 | D:6      | Found a hazy altar of Hepliaklqana.
  6215 | D:6      | Reached skill level 10 in Maces & Flails
  7035 | D:7      | Reached skill level 1 in Throwing
  7322 | D:7      | Found a sacrificial altar of Ru.
  7529 | D:8      | Found a shadowy altar of Dithmenos.
  7737 | D:8      | Reached *** piety under Okawaru
  8036 | D:8      | Found a sparkling altar of Nemelex Xobeh.
  8050 | D:8      | Reached XP level 10. HP: 80/90 MP: 9/9
  8149 | D:8      | Reached skill level 5 in Shields
  8195 | D:8      | Reached skill level 11 in Maces & Flails
  8352 | D:8      | Noticed Psyche
  8361 | D:8      | Killed Psyche
  8361 | D:8      | Reached **** piety under Okawaru
  8410 | D:8      | Received a gift from Okawaru
  8845 | D:8      | Noticed a two-headed ogre
  8871 | D:7      | Killed a two-headed ogre
  8872 | D:7      | Reached skill level 12 in Maces & Flails
 10061 | D:8      | Found a staircase to the Lair.
 10330 | D:9      | Reached XP level 11. HP: 86/97 MP: 10/10
 10423 | D:9      | Found Neatt's Assorted Antiques.
 10440 | D:9      | Reached ***** piety under Okawaru
 10604 | D:9      | Bought a glowing peridot amulet for 120 gold pieces
 10604 | D:9      | Bought a tapered gold wand for 96 gold pieces
 10604 | D:9      | Bought a scroll of remove curse for 72 gold pieces
 10604 | D:9      | Bought a pair of boots for 108 gold pieces
 10668 | D:9      | Reached skill level 5 in Throwing
 10862 | D:9      | Found a stormy altar of Qazlal.
 11312 | D:9      | Identified Umukaro's Almanac of Enchantment
 11418 | D:9      | Found a staircase to the Orcish Mines.
 11424 | D:9      | Received a gift from Okawaru
 11463 | D:9      | Found a roughly hewn altar of Beogh.
 11500 | D:9      | Noticed Harold
 11522 | D:9      | Killed Harold
 11733 | D:9      | Noticed Erolcha
 11758 | D:9      | Cast into level 1 of the Abyss (Erolcha)
 11808 | Abyss:1  | Noticed a wretched star
 11824 | Abyss:1  | HP: 3/97 [shadow imp/nerve-wracking pain[a neqoxec] (12)]
 11825 | Abyss:1  | Killed from afar by a wretched star

Illustrated notes

Levels and vault maps discovered:
D:1:      mainiacjoe_arrival_reflecting_pool, layout_loops_ring
D:2:      layout_loops_cross, lemuel_blue_sif_altar
D:3:      layout_rooms, overflow_temple_1_default, portal_sewer_entry_a,
          kennysheep_generic_room_13
D:4:      layout_basic, general_overflow_altar, uniq_crazy_yiuf_cottage
D:5:      layout_rooms
D:6:      layout_cave_pools, lemuel_crystal_altar,
          chequers_temple_overflow_statue_of_worship,
          minmay_temple_entry_antechambers, ebering_ghost_rock_garden,
          serial_column_ruins, column_ruins_hut, column_ruins_square_large,
          column_ruins_grid_1, column_ruins_corridor_T, column_ruins_open_small,
          column_ruins_columns_straight, column_ruins_open_small,
          column_ruins_corridor_straight, tgw_trog
D:7:      layout_loops_corners, lemuel_crystal_altar
D:8:      layout_rooms, lemuel_crystal_altar, due_lair_maze_entry_diamond,
          special_room [special_room_kobold], basic_altar,
          corexii_hall_statues_l, grunt_potential, uniq_psyche
D:9:      layout_stronghold, minmay_orc_entry_temple_small, serial_shops,
          nicolae_shop_trees, nicolae_qazlal_general_emergency, uniq_erolcha,
          uniq_harold
Temple:   eino_temple_water
Abyss:1:  base: D:6, patterned_corridor, patterned_corridor

Skill      XL: |  1  2  3  4  5  6  7  8  9 10 11 |
---------------+----------------------------------+-----
Maces & Flails | 4 5 6 8 9 10 12 | 12.4
Fighting       | 4 5 7 8 9 |  9.4
Dodging        | 4 5 |  5.9
Stealth        | 2 3 |  3.0
Armour         | 2 3 5 6 9 |  9.5
Shields        | 1 2 3 4 5 6 |  6.4
Throwing       | 3 4 6 |  6.0
Evocations     | |  0.9

Action                   |  1- 3 |  4- 6 |  7- 9 | 10-12 || total
-------------------------+-------+-------+-------+-------++-------
Melee: Mace              |    74 |   128 |   281 |   351 ||   834
       Headbutt          |     8 |    20 |    67 |    78 ||   173
Throw: Dart              |       |       |    58 |   134 ||   192
Evoke: Wand              |       |       |       |    14 ||    14
  Use: Scroll            |     3 |     5 |     7 |     1 ||    16
       Potion            |       |       |    12 |     4 ||    16
 Stab: Sleeping          |     5 |     2 |       |       ||     7
Armor: Robe              |     7 |    12 |       |       ||    19
       Leather armour    |       |     9 |       |       ||     9
       Scale mail        |       |     8 |     1 |       ||     9
       Plate armour      |       |       |   124 |   144 ||   268
Dodge: Dodged            |    62 |    99 |    60 |    68 ||   289
Block: Buckler           |       |    12 |    27 |       ||    39
       Kite shield       |       |       |    53 |   122 ||   175
